 Dungeon Crawl Stone Soup version 0.30.1-11-g7821555f0a (webtiles) character file.

Game seed: 3144020240810611957

193 jagang the Slasher (level 6, -3/48 HPs)
             Began as a Human Monk on Dec 28, 2023.
             Slain by a black bear (5 damage)
             ... on level 4 of the Dungeon.
             The game lasted 00:05:58 (2531 turns).

jagang the Slasher (Human Monk)                     Turns: 2531, Time: 00:05:58

Health: -3/48      AC: 11    Str: 11    XL:     6   Next: 3%
Magic:  6/6        EV:  3    Int: 12    God:
Gold:   332        SH:  0    Dex: 14    Spells: 5/5 levels left

rFire   . . .        t - +4 long sword of Extinguishment {heavy, rPois Int+2 Dex-4 Stlth+}
rCold   . . .        d - orb {light}
rNeg    . . .        j - +0 plate armour
rPois   +            (no helmet)
rElec   .            (no cloak)
rCorr   .            (no gloves)
SInv    .            (no boots)
Will    .....        (no amulet) Stlth
                     (no ring)
HPRegen 0.28/turn    (no ring)
MPRegen 0.10/turn

%: no passive effects
@: glowing
A: no striking features
a: no special abilities


You were on level 4 of the Dungeon.
You visited 1 branch of the dungeon, and saw 4 of its levels.

You collected 332 gold pieces.

Inventory:

Hand Weapons
 a - a +0 falchion
 t - the +4 long sword of Extinguishment (weapon) {heavy, rPois Int+2 Dex-4 Stlth+}
   (You found it on level 3 of the Dungeon)

   Int:       It affects your intelligence (+2).
   Dex:       It affects your dexterity (-4).
   rPois:     It protects you from poison.
   Stlth:     It makes you more stealthy.
Missiles
 r - 3 boomerangs (quivered)
 s - 7 poisoned darts
Armour
 b - a +0 robe
 d - an orb of light (worn)
 j - a +0 plate armour (worn)
 q - the +0 leather armour of Leapfrog {-Tele rPois Str-2 Int+10}
   (You found it on level 2 of the Dungeon)

   Str:       It affects your strength (-2).
   Int:       It affects your intelligence (+10).
   rPois:     It protects you from poison.
   -Tele:     It prevents most forms of teleportation.
Jewellery
 o - a ring of fire
Scrolls
 e - 3 scrolls of identify {unknown}
 f - 2 scrolls of magic mapping {unknown}
 h - 3 scrolls of teleportation {unknown}
 i - a scroll of enchant armour {unknown}
 k - a scroll of enchant weapon {unknown}
Potions
 c - 2 potions of ambrosia
 g - a potion of curing {unknown}
 l - a potion of flight {unknown}
 m - 2 potions of heal wounds {unknown}
 n - a potion of brilliance {unknown}
 p - a potion of attraction {unknown}


   Skills:
 + Level 4.1 Fighting
 * Level 4.4 Long Blades
 - Level 1.0 Throwing
 + Level 2.5 Armour
 - Level 3.0 Dodging


You had 5 spell levels left.
You didn't know any spells.
Your spell library was empty.

Dungeon Overview and Level Annotations

Branches:
Dungeon (4/15)
 Temple: D:4-7

Altars:
Ashenzari
Kikubaaqudgha


Message History

The black bear is almost dead.
The black bear bites you but does no damage.
The black bear barely misses you.
The black bear claws you but does no damage.
The black bear goes berserk!
You barely miss the black bear.
The black bear is almost dead.
The black bear bites you. The black bear claws you. x2
The black bear bites you. The black bear barely misses you.
The black bear claws you.
The black bear bites you but does no damage.
The black bear claws you.
The black bear claws you but does no damage.
You hit the black bear.
The black bear is almost dead.
The black bear bites you.
The black bear claws you but does no damage. x2
The black bear bites you.
* * * LOW HITPOINT WARNING * * *
The black bear claws you.
* * * LOW HITPOINT WARNING * * *
The black bear claws you but does no damage.
You slice the black bear!!
You kill the black bear!
A goblin comes into view. It is wielding a +0 dagger.
Your Fighting skill increases to level 4!
Your Long Blades skill increases to level 4!
You have reached level 6!
You slice the black bear!!
The black bear is severely wounded.
The black bear bites you!
* * * LOW HITPOINT WARNING * * *
The black bear claws you but does no damage. x2
The black bear goes berserk!
You slash the black bear!
The black bear is almost dead.
The black bear bites you.
* * * LOW HITPOINT WARNING * * *
The black bear claws you.
You die...

#.# ## #.# .. #.# #. ####
#.# #. ..# #.# ###. #.#
#.# ... #.######.##
.###.#.###.........##
......gh@..####.....####.
####.####### ##........≈
##.######≈ #.# #.# ##'##
##...## ##.....##
##.......##


You could see a black bear (berserk) and a goblin.

Vanquished Creatures
  A black bear (D:4)
  4 adders
  A worm (D:3)
  A dart slug (D:2)
  6 endoplasms
  2 giant cockroaches (D:2)
  6 goblins
  5 hobgoblins
  5 jackals
  6 kobolds
  2 quokkas
  7 ball pythons
  5 bats
  4 frilled lizards
  5 rats
60 creatures vanquished.

Notes
Turn   | Place    | Note
-------+----------+-------------------------------------------
     0 | D:1      | jagang the Human Monk began the quest for the Orb.
     0 | D:1      | Reached XP level 1. HP: 18/18 MP: 1/1
   119 | D:1      | Reached XP level 2. HP: 24/24 MP: 2/2
   318 | D:1      | Reached skill level 1 in Armour
   846 | D:2      | Reached XP level 3. HP: 29/29 MP: 3/3
  1255 | D:2      | Identified the +0 leather armour of Leapfrog {-Tele rPois
                  | Str-2 Int+10}
  1451 | D:3      | Reached XP level 4. HP: 19/36 MP: 4/4
  1717 | D:3      | Identified the +4 long sword of Extinguishment {heavy,
                  | rPois Int+2 Dex-4 Stlth+}
  1838 | D:3      | Found a broken altar of Ashenzari.
  1840 | D:3      | You fall into a shaft and drop 1 floor!
  1845 | D:4      | Found an ancient bone altar of Kikubaaqudgha.
  2159 | D:3      | Reached skill level 1 in Throwing
  2159 | D:3      | Reached XP level 5. HP: 42/42 MP: 5/5
  2519 | D:4      | Noticed a black bear
  2524 | D:4      | Noticed a black bear
  2529 | D:4      | Killed a black bear
  2530 | D:4      | Reached XP level 6. HP: 12/48 MP: 6/6
  2531 | D:4      | HP: 2/48 [black bear (4)]
  2531 | D:4      | Slain by a black bear

Illustrated notes

Levels and vault maps discovered:
D:1:      roderic_dead_forest, layout_loops_ring
D:2:      kb_forest_paths, layout_basic, serial_park_tiny_2
D:3:      layout_basic, amcnicky_altar_gilded, kennysheep_crisscross
D:4:      layout_loops_corners, nicolae_wu_jian_glorious_leap,
          lemuel_doored_altar, lemuel_round_altar, serial_shops,
          nicolae_diamond_shop, minmay_crystal_water

Skill      XL: |  1  2  3  4  5 |
---------------+----------------+-----
Armour         | 1 2 |  2.5
Throwing       | 1 |  1.0
Fighting       | 4 |  4.1
Long Blades    | 4 |  4.4
Dodging        | |  3.0

Action                     |  1- 3 |  4- 6 || total
---------------------------+-------+-------++-------
  Melee: Falchion          |    84 |    52 ||   136
         Long sword        |       |     8 ||     8
  Throw: Boomerang         |       |     8 ||     8
 Armour: Robe              |     9 |       ||     9
         Plate armour      |    39 |    62 ||   101
  Dodge: Dodged            |    24 |    14 ||    38
